TOP OF THE 1ST |
Boston (WIN) Red Sox batting - Pitching for Milwaukee (WIN) Brewers : LHP Jamie Blake
|
Pitching: LHP Jamie Blake
|
|
Batting: RHB Andy Garvin
|
0-0: Called Strike 0-1: Ball 1-1: Foul Ball, location: 2F 1-2: Strikes out looking
|
Batting: RHB Roberto Morales
|
0-0: Called Strike 0-1: Foul Ball, location: 2F 0-2: Ball 1-2: SINGLE (Line Drive, 7S, EV 95.6 MPH)
|
Batting: LHB Jarrett Mordecai
|
0-0: Foul Ball, location: 2F 0-1: Ball 1-1: Ball 2-1: Called Strike 2-2: SINGLE (Line Drive, 89S, EV 91.2 MPH) Roberto Morales to second Runner from 2nd tries for 3rd, OUT! 9-5
|
Batting: RHB Jose Diaz
|
0-0: Called Strike 0-1: Ball 1-1: Ball 2-1: Called Strike 2-2: Ball 3-2: Foul Ball, location: 2F 3-2: Base on Balls Jarrett Mordecai to second
|
Batting: RHB John Chiesa
|
0-0: Fly out, F4 (Popup, 23, EV 78.1 MPH)
|
Top of the 1st over - 0 runs, 2 hits, 0 errors, 2 left on base; Boston (WIN) 0 - Milwaukee (WIN) 0 |
BOTTOM OF THE 1ST |
Milwaukee (WIN) Brewers batting - Pitching for Boston (WIN) Red Sox : RHP Alex Willerton
|
Pitching: RHP Alex Willerton
|
|
Batting: RHB Hector Silva
|
0-0: Swinging Strike 0-1: Called Strike 0-2: Strikes out swinging
|
Batting: SHB Ramon Perez
|
0-0: Called Strike 0-1: Fly out, F7 (Flyball, 7D, EV 106.2 MPH)
|
Batting: LHB Adam Hill
|
0-0: Ball 1-0: Called Strike 1-1: Ground out U3 (Groundball, 3L, EV 83.8 MPH)
|
Bottom of the 1st over - 0 runs, 0 hits, 0 errors, 0 left on base; Boston (WIN) 0 - Milwaukee (WIN) 0 |
TOP OF THE 2ND |
Boston (WIN) Red Sox batting - Pitching for Milwaukee (WIN) Brewers : LHP Jamie Blake
|
Batting: SHB Greg Shaw
|
0-0: Swinging Strike 0-1: Ball 1-1: Ball 2-1: Ball 3-1: Foul Ball, location: 2F 3-2: Foul Ball, location: 2F 3-2: Foul Ball, location: 2F 3-2: Strikes out swinging
|
Batting: RHB Brandon Perris
|
0-0: Ball 1-0: Ball 2-0: Called Strike 2-1: Ball 3-1: Foul Ball, location: 2F 3-2: Foul Ball, location: 2F 3-2: Base on Balls
|
Batting: SHB Ben Ervin
|
0-0: Fly out, F8 (Flyball, 78M, EV 85.6 MPH)
|
Batting: RHB Sal Rivera
|
0-0: Swinging Strike 0-1: Ball 1-1: Swinging Strike 1-2: Ball 2-2: Ground out 5-3 (Groundball, 56S, EV 88.8 MPH)
|
Top of the 2nd over - 0 runs, 0 hits, 0 errors, 1 left on base; Boston (WIN) 0 - Milwaukee (WIN) 0 |
BOTTOM OF THE 2ND |
Milwaukee (WIN) Brewers batting - Pitching for Boston (WIN) Red Sox : RHP Alex Willerton
|
Batting: RHB Herb McIntyre
|
0-0: Called Strike 0-1: Ball 1-1: Called Strike 1-2: Ball 2-2: Ball 3-2: Foul Ball, location: 2F 3-2: Strikes out swinging
|
Batting: RHB Josh Nelson
|
0-0: Called Strike 0-1: Called Strike 0-2: Strikes out swinging
|
Batting: RHB Vinny Estrada
|
0-0: Swinging Strike 0-1: Called Strike 0-2: SINGLE (Groundball, 34D, EV 97.5 MPH)
|
Batting: RHB Brian Landrum
|
0-0: Ball 1-0: Ball 2-0: Swinging Strike 2-1: Swinging Strike 2-2: Fielders Choice at 2nd, 6-4 (Groundball, 6, EV 103.8 MPH)
|
Bottom of the 2nd over - 0 runs, 1 hit, 0 errors, 1 left on base; Boston (WIN) 0 - Milwaukee (WIN) 0 |
TOP OF THE 3RD |
Boston (WIN) Red Sox batting - Pitching for Milwaukee (WIN) Brewers : LHP Jamie Blake
|
Batting: RHB Andy Garvin
|
0-0: Foul Ball, location: 2F 0-1: Ball 1-1: DOUBLE (Flyball, 8LD, EV 95.6 MPH)
|
Batting: RHB Roberto Morales
|
0-0: Ball Andy Garvin steals 3rd base 1-0: Fly out, F4 (Popup, 34, EV 79.4 MPH)
|
Batting: LHB Jarrett Mordecai
|
0-0: Ball 1-0: Fly out, F7 (Flyball, 78S, EV 91.2 MPH)
|
Batting: RHB Jose Diaz
|
0-0: Ball 1-0: Foul Ball, location: 2F 1-1: Foul Ball, location: 2F 1-2: Hit by Pitch
|
Batting: RHB John Chiesa
|
0-0: Called Strike 0-1: Ball 1-1: Called Strike 1-2: Fielders Choice at 2nd, 6-4 (Groundball, 6, EV 86.2 MPH)
|
Top of the 3rd over - 0 runs, 1 hit, 0 errors, 2 left on base; Boston (WIN) 0 - Milwaukee (WIN) 0 |
BOTTOM OF THE 3RD |
Milwaukee (WIN) Brewers batting - Pitching for Boston (WIN) Red Sox : RHP Alex Willerton
|
Batting: RHB Cameron Rattenbury
|
0-0: Called Strike 0-1: Swinging Strike 0-2: Strikes out looking
|
Batting: RHB Dusty Bates
|
0-0: Called Strike 0-1: Ball 1-1: Ball 2-1: Foul Ball, location: 2F 2-2: Ball 3-2: Base on Balls
|
Batting: RHB Hector Silva
|
0-0: Foul Ball, location: 2F 0-1: Ball 1-1: Ball 2-1: Foul Ball, location: 2F 2-2: Foul Ball, location: 2F 2-2: Strikes out swinging
|
Batting: SHB Ramon Perez
|
0-0: Ball 1-0: Swinging Strike 1-1: Foul Ball, location: 2F 1-2: Fly out, F7 (Flyball, 7D, EV 98.8 MPH)
|
Bottom of the 3rd over - 0 runs, 0 hits, 0 errors, 1 left on base; Boston (WIN) 0 - Milwaukee (WIN) 0 |
TOP OF THE 4TH |
Boston (WIN) Red Sox batting - Pitching for Milwaukee (WIN) Brewers : LHP Jamie Blake
|
Batting: SHB Greg Shaw
|
0-0: Called Strike 0-1: Called Strike 0-2: Ball 1-2: Ground out 6-3 (Groundball, 6, EV 103.1 MPH)
|
Batting: RHB Brandon Perris
|
0-0: Ball 1-0: Swinging Strike 1-1: Called Strike 1-2: Ball 2-2: Ball 3-2: Fly out, F9 (Flyball, 89S, EV 91.2 MPH)
|
Batting: SHB Ben Ervin
|
0-0: Called Strike 0-1: Ground out 6-3 (Groundball, 6, EV 85.0 MPH)
|
Top of the 4th over - 0 runs, 0 hits, 0 errors, 0 left on base; Boston (WIN) 0 - Milwaukee (WIN) 0 |
BOTTOM OF THE 4TH |
Milwaukee (WIN) Brewers batting - Pitching for Boston (WIN) Red Sox : RHP Alex Willerton
|
Batting: LHB Adam Hill
|
0-0: Called Strike 0-1: Called Strike 0-2: Foul Ball, location: 2F 0-2: Ball 1-2: Strikes out swinging
|
Batting: RHB Herb McIntyre
|
0-0: Called Strike 0-1: Ball 1-1: Ball 2-1: Ground out 6-3 (Groundball, 6, EV 84.4 MPH)
|
Batting: RHB Josh Nelson
|
0-0: Ball 1-0: Ball 2-0: Ball 3-0: Called Strike 3-1: Base on Balls
|
Batting: RHB Vinny Estrada
|
0-0: Fly out, F8 (Flyball, 89M, EV 92.5 MPH)
|
Bottom of the 4th over - 0 runs, 0 hits, 0 errors, 1 left on base; Boston (WIN) 0 - Milwaukee (WIN) 0 |
TOP OF THE 5TH |
Boston (WIN) Red Sox batting - Pitching for Milwaukee (WIN) Brewers : LHP Jamie Blake
|
Batting: RHB Sal Rivera
|
0-0: Ball 1-0: DOUBLE (Line Drive, 9LM, EV 107.5 MPH)
|
Batting: RHB Andy Garvin
|
0-0: Called Strike 0-1: Ball 1-1: Fly out, F8 (Line Drive, 8LM, EV 96.9 MPH)
|
Batting: RHB Roberto Morales
|
0-0: Ball 1-0: Foul Ball, location: 2F 1-1: Ground out 6-3 (Groundball, 6, EV 88.1 MPH) Sal Rivera to third
|
Batting: LHB Jarrett Mordecai
|
0-0: Swinging Strike 0-1: Foul Ball, location: 2F 0-2: Ball 1-2: DOUBLE (Line Drive, 9LS, EV 106.9 MPH) Sal Rivera scores
|
Batting: RHB Jose Diaz
|
0-0: Ball 1-0: Swinging Strike 1-1: Foul Ball, location: 2F 1-2: Ball 2-2: Ball 3-2: Base on Balls
|
Batting: RHB John Chiesa
|
0-0: Called Strike 0-1: Fly out, F4 (Popup, 4S, EV 76.2 MPH)
|
Top of the 5th over - 1 run, 2 hits, 0 errors, 2 left on base; Boston (WIN) 1 - Milwaukee (WIN) 0 |
BOTTOM OF THE 5TH |
Milwaukee (WIN) Brewers batting - Pitching for Boston (WIN) Red Sox : RHP Alex Willerton
|
Batting: RHB Brian Landrum
|
0-0: Called Strike 0-1: Ball 1-1: Ground out 6-3 (Groundball, 6, EV 77.5 MPH)
|
Batting: RHB Cameron Rattenbury
|
0-0: Called Strike 0-1: Fly out, F7 (Line Drive, 7S, EV 91.9 MPH)
|
Batting: RHB Dusty Bates
|
0-0: Ball 1-0: Ball 2-0: Ball 3-0: Called Strike 3-1: Fly out, F8 (Line Drive, 8LS, EV 85.6 MPH)
|
Bottom of the 5th over - 0 runs, 0 hits, 0 errors, 0 left on base; Boston (WIN) 1 - Milwaukee (WIN) 0 |
TOP OF THE 6TH |
Boston (WIN) Red Sox batting - Pitching for Milwaukee (WIN) Brewers : LHP Jamie Blake
|
Batting: SHB Greg Shaw
|
0-0: Called Strike 0-1: Ball 1-1: Fly out, F9 (Flyball, 89M, EV 93.1 MPH)
|
Batting: RHB Brandon Perris
|
0-0: Called Strike 0-1: Ground out U3 (Groundball, 13, EV 85.0 MPH)
|
Batting: SHB Ben Ervin
|
0-0: Foul Ball, location: 2F 0-1: Called Strike 0-2: Ball 1-2: Foul Ball, location: 2F 1-2: SINGLE (Line Drive, 4D, EV 95.6 MPH)
|
Pitching: RHP Chris Bedard
|
|
Batting: RHB Sal Rivera
|
0-0: Ball 1-0: Called Strike Ben Ervin steals 2nd base 1-1: SINGLE (Groundball, 56D, EV 103.1 MPH) Ben Ervin to third Runner from 3rd tries for Home, SAFE, throw by LF to home Sal Rivera to second
|
Pinch Hitting: LHB Aaron Brannon
|
0-0: SINGLE (Groundball, 34D, EV 99.4 MPH) Sal Rivera to third Runner from 3rd tries for Home, SAFE, throw by RF to home
|
Batting: RHB Roberto Morales
|
0-0: Ball 1-0: Called Strike Aaron Brannon is caught stealing 2nd base 2-4
|
Top of the 6th over - 2 runs, 3 hits, 0 errors, 0 left on base; Boston (WIN) 3 - Milwaukee (WIN) 0 |
BOTTOM OF THE 6TH |
Milwaukee (WIN) Brewers batting - Pitching for Boston (WIN) Red Sox : RHP Alex Willerton
|
Now at 2B: Tim Fuller
|
|
Batting: RHB Hector Silva
|
0-0: Ball 1-0: Ball 2-0: Foul Ball, location: 2F 2-1: Foul Ball, location: 2F 2-2: Fly out, F8 (Flyball, 8RD, EV 101.2 MPH)
|
Batting: SHB Ramon Perez
|
0-0: Ball 1-0: Ball 2-0: Foul Ball, location: 2F 2-1: Ball 3-1: Ground out 6-3 (Groundball, 4M, EV 98.8 MPH)
|
Batting: LHB Adam Hill
|
0-0: Ground out 6-3 (Groundball, 6, EV 88.1 MPH)
|
Bottom of the 6th over - 0 runs, 0 hits, 0 errors, 0 left on base; Boston (WIN) 3 - Milwaukee (WIN) 0 |
TOP OF THE 7TH |
Boston (WIN) Red Sox batting - Pitching for Milwaukee (WIN) Brewers : RHP Chris Bedard
|
Batting: RHB Roberto Morales
|
0-0: Ball 1-0: Called Strike 1-1: Foul Ball, location: 2F 1-2: Foul Ball, location: 2F 1-2: Foul Ball, location: 2F 1-2: Ball 2-2: Fly out, F7 (Flyball, 7D, EV 90.6 MPH)
|
Batting: LHB Jarrett Mordecai
|
0-0: Ball 1-0: Ball 2-0: Foul Ball, location: 2F 2-1: Ball 3-1: Ground out 3-1 (Groundball, 34S, EV 86.2 MPH)
|
Batting: RHB Jose Diaz
|
0-0: Swinging Strike 0-1: Ball 1-1: SINGLE (Flyball, 5D, EV 92.5 MPH)
|
Batting: RHB John Chiesa
|
0-0: Ball 1-0: Swinging Strike 1-1: Called Strike 1-2: Foul Ball, location: 2F 1-2: Ball 2-2: Foul Ball, location: 2F 2-2: Foul Ball, location: 2F 2-2: Fly out, F5 (Line Drive, 56D, EV 70.0 MPH)
|
Top of the 7th over - 0 runs, 1 hit, 0 errors, 1 left on base; Boston (WIN) 3 - Milwaukee (WIN) 0 |
BOTTOM OF THE 7TH |
Milwaukee (WIN) Brewers batting - Pitching for Boston (WIN) Red Sox : RHP Alex Willerton
|
Batting: RHB Herb McIntyre
|
0-0: Ground out 3-1 (Groundball, 34, EV 90.6 MPH)
|
Batting: RHB Josh Nelson
|
0-0: Ball 1-0: Ball 2-0: Ball 3-0: Called Strike 3-1: Foul Ball, location: 2F 3-2: Foul Ball, location: 2F 3-2: Strikes out swinging
|
Batting: RHB Vinny Estrada
|
0-0: Ball 1-0: SINGLE (Groundball, 56D, EV 95.6 MPH)
|
Pitching: RHP Danny Klomp
|
|
Batting: RHB Brian Landrum
|
0-0: Ball 1-0: Ground out 4-3 (Groundball, 34S, EV 80.0 MPH)
|
Bottom of the 7th over - 0 runs, 1 hit, 0 errors, 1 left on base; Boston (WIN) 3 - Milwaukee (WIN) 0 |
TOP OF THE 8TH |
Boston (WIN) Red Sox batting - Pitching for Milwaukee (WIN) Brewers : RHP Chris Bedard
|
Batting: SHB Greg Shaw
|
0-0: Ball 1-0: Called Strike 1-1: Fly out, F9 (Line Drive, 89D, EV 86.2 MPH)
|
Batting: RHB Brandon Perris
|
0-0: Ball 1-0: Foul Ball, location: 2F 1-1: Foul Ball, location: 2F 1-2: Strikes out looking
|
Batting: SHB Ben Ervin
|
0-0: Called Strike 0-1: Foul Ball, location: 2F 0-2: Strikes out swinging
|
Top of the 8th over - 0 runs, 0 hits, 0 errors, 0 left on base; Boston (WIN) 3 - Milwaukee (WIN) 0 |
BOTTOM OF THE 8TH |
Milwaukee (WIN) Brewers batting - Pitching for Boston (WIN) Red Sox : RHP Danny Klomp
|
Batting: RHB Cameron Rattenbury
|
0-0: Ball 1-0: Swinging Strike 1-1: Foul Ball, location: 2F 1-2: Strikes out swinging
|
Batting: RHB Dusty Bates
|
0-0: Called Strike 0-1: Foul Ball, location: 2F 0-2: Strikes out swinging
|
Batting: RHB Hector Silva
|
0-0: Ball 1-0: Ball 2-0: Called Strike 2-1: Foul Ball, location: 2F 2-2: Ball 3-2: Strikes out swinging
|
Bottom of the 8th over - 0 runs, 0 hits, 0 errors, 0 left on base; Boston (WIN) 3 - Milwaukee (WIN) 0 |
TOP OF THE 9TH |
Boston (WIN) Red Sox batting - Pitching for Milwaukee (WIN) Brewers : RHP Chris Bedard
|
Batting: RHB Sal Rivera
|
0-0: Ball 1-0: Called Strike 1-1: Ball 2-1: Fly out, F9 (Flyball, 9D, EV 108.8 MPH)
|
Batting: LHB Tim Fuller
|
0-0: Ball 1-0: Ball 2-0: Called Strike 2-1: Swinging Strike 2-2: Strikes out looking
|
Batting: RHB Roberto Morales
|
0-0: Called Strike 0-1: Ball 1-1: Ground out 6-3 (Groundball, 56, EV 106.9 MPH)
|
Top of the 9th over - 0 runs, 0 hits, 0 errors, 0 left on base; Boston (WIN) 3 - Milwaukee (WIN) 0 |
BOTTOM OF THE 9TH |
Milwaukee (WIN) Brewers batting - Pitching for Boston (WIN) Red Sox : RHP Danny Klomp
|
Pitching: RHP John Jordan
|
|
Batting: SHB Ramon Perez
|
0-0: Ball 1-0: Ball 2-0: Ball 3-0: Called Strike 3-1: Base on Balls
|
Batting: LHB Adam Hill
|
0-0: SINGLE (Groundball, 4D, EV 96.9 MPH) Ramon Perez to second
|
Batting: RHB Herb McIntyre
|
0-0: Ball 1-0: Ball 2-0: Called Strike 2-1: Called Strike 2-2: Foul Ball, location: 2F 2-2: Ball 3-2: Base on Balls Ramon Perez to third Adam Hill to second
|
Batting: RHB Josh Nelson
|
0-0: Ball 1-0: Ball 2-0: Ball 3-0: Base on Balls Ramon Perez scores Adam Hill to third Herb McIntyre to second
|
Batting: RHB Vinny Estrada
|
0-0: Called Strike 0-1: Ball 1-1: Foul Ball, location: 2F 1-2: Fly out, F9 (Flyball, 9LM, EV 83.1 MPH)
|
Batting: RHB Brian Landrum
|
0-0: SINGLE (Line Drive, 8RS, EV 86.9 MPH) Adam Hill scores Herb McIntyre to third Josh Nelson to second
|
Pinch Hitting: SHB Sam Bingham
|
0-0: Swinging Strike 0-1: Foul Ball, location: 2F 0-2: Ball 1-2: Strikes out swinging
|
Batting: RHB Dusty Bates
|
0-0: Called Strike 0-1: Foul Ball, location: 2F 0-2: Strikes out swinging
|
Bottom of the 9th over - 2 runs, 2 hits, 0 errors, 3 left on base; Boston (WIN) 3 - Milwaukee (WIN) 2 |
|